 Dungeon Crawl Stone Soup version 0.19-a0-1193-g2641e52 (webtiles) character file.

230768 epen the Alchemist (level 19, 0/148 HPs)
             Began as a Merfolk Monk on Aug 19, 2016.
             Was a High Priest of Cheibriados.
             Slain by a merfolk impaler
             ... wielding a +2 demon trident of freezing
              (2 damage)
             ... on level 4 of the Shoals.
             The game lasted 01:19:14 (32160 turns).

epen the Alchemist (Merfolk Monk)                  Turns: 32160, Time: 01:19:15

Health: 0/148      AC: 16    Str: 27    XL:     19   Next: 48%
Magic:  25/34      EV: 32    Int: 26    God:    Cheibriados [*****.]
Gold:   677        SH:  9    Dex: 33    Spells: 4 memorised, 20 levels left

rFire  + . .     SeeInvis .       - Unarmed
rCold  . . .     Gourm    .     M - +0 troll leather armour
rNeg   . . .     Faith    +     w - +0 buckler
rPois  .         Spirit   .     a - +0 helmet (curse)
rElec  .         Dismiss  .     F - +0 cloak
rCorr  .         Reflect  .     W - +0 pair of gloves of Disappointment {rF+}
MR     ++...     Harm     .     c - +0 pair of boots
Stlth  +++.......               S - amulet of faith
                                v - ring of protection from magic
                                Q - +6 ring of protection

@: mesmerised, very slightly contaminated, starving, very slow
A: change form in water, swift swim, repulsion field 1, molten scales 1, strong
1
a: Bend Time, Temporal Distortion, Slouch, Step From Time, Renounce Religion
}: 1/15 runes: serpentine


You were on level 4 of the Shoals.
You worshipped Cheibriados.
Cheibriados was extremely pleased with you.
You were starving.

You visited 6 branches of the dungeon, and saw 32 of its levels.
You also visited: Labyrinth and Ice Cave.

You collected 3024 gold pieces.
You spent 2347 gold pieces at shops.

Inventory:

Missiles
 x - 6 throwing nets (quivered)
Armour
 a - a cursed +0 helmet (worn)
 c - a +0 pair of boots (worn)
 w - a +0 buckler (worn)
 F - a +0 cloak (worn)
 M - a +0 troll leather armour (worn)
 O - a +2 robe of cold resistance
 W - the +0 pair of gloves of Disappointment (worn) {rF+}
   (You found it on level 3 of the Lair of Beasts)

   It protects you from fire.
Jewellery
 e - an uncursed ring of see invisible
 m - an uncursed ring of protection from magic
 v - a ring of protection from magic (right hand)
 Q - a +6 ring of protection (left hand)
 S - an amulet of faith (around neck)
Wands
 A - a wand of disintegration (21/24)
 E - a wand of digging (9/24)
Scrolls
 h - 6 scrolls of teleportation
 i - 22 scrolls of remove curse
 l - 11 scrolls of identify
 p - 5 scrolls of amnesia
 r - 4 scrolls of enchant armour
 u - 3 scrolls of fear
 H - 3 scrolls of enchant weapon
 J - 6 scrolls of fog
 N - 3 scrolls of magic mapping
 R - a scroll of blinking
 T - 3 scrolls of recharging
 U - 3 scrolls of silence
Potions
 f - 7 potions of might
 g - 3 potions of resistance
 o - 10 potions of flight
 s - a potion of magic
 t - 3 potions of invisibility
 B - a potion of ambrosia
 C - 2 potions of cancellation
 D - 4 potions of heal wounds
 G - 15 potions of curing
 K - 3 potions of mutation
 V - 2 potions of brilliance
 X - a potion of cure mutation
 Z - 3 potions of agility
Books
 y - a book of Transfigurations

   Spells                             Type                      Level
   a - Irradiate                      Conjuration/Transmutation    5
   b - Statue Form                    Transmutation/Earth          6
   c - Hydra Form                     Transmutation                6
   d - Dragon Form                    Transmutation                7
 z - a book of the Tempests

   Spells                             Type                      Level
   a - Static Discharge               Conjuration/Air              3
   b - Lightning Bolt                 Conjuration/Air              5
   c - Fireball                       Conjuration/Fire             5
   d - Tornado                        Air                          9
   e - Shatter                        Earth                        9
Miscellaneous
 n - a lamp of fire
 I - a phial of floods
 Y - a phantom mirror
Comestibles
 b - 15 bread rations
 d - 14 fruits
 j - 2 meat rations
 k - 18 slices of pizza
 q - 8 beef jerkies
 L - 12 royal jellies


   Skills:
 - Level 12.6 Fighting
 - Level 14.6 Dodging
 - Level 2.1 Stealth
 + Level 9.2 Shields
 - Level 15.7 Unarmed Combat
 + Level 11.1 Spellcasting
 - Level 5.4 Necromancy
 + Level 16.0 Transmutations
 * Level 12.0 Earth Magic
 - Level 12.2 Invocations
 - Level 5.2 Evocations


You had 20 spell levels left.
You knew the following spells:

 Your Spells              Type           Power        Failure   Level  Hunger
a - Statue Form           Tmut/Erth      ######...    2%          6    #####..
b - Blade Hands           Tmut           #######...   1%          5    ###....
c - Regeneration          Chrm/Necr      ####......   6%          3    None
d - Hydra Form            Tmut           #######...   1%          6    #####..


Dungeon Overview and Level Annotations

Branches:
Dungeon (15/15)            Temple (1/1) D:7            Lair (6/6) D:11
 Shoals (4/4) Lair:3        Snake (4/4) Lair:2        Slime (0/5) Lair:6
    Orc (2/2) D:10            Elf (0/3) Orc:2        Vaults (0/5) D:14
 Depths (0/5) D:15

Altars:
Ashenzari
Cheibriados
Dithmenos
Elyvilon
Fedhas
Gozag
Hepliaklqana
Kikubaaqudgha
Makhleb
Nemelex Xobeh
Okawaru
Qazlal
Ru
Sif Muna
Trog
Uskayaw
Vehumet
Xom
Yredelemnul
Zin
The Shining One
Beogh
Jiyva

Shops:
D:4 %   D:5 (   D:8 !   Orc:1 :   Orc:2 }[((   Snake:1 !   Snake:2 }==

Annotations:
D:2 Natasha


Innate Abilities, Weirdness & Mutations

You revert to your normal form in water.
You are very nimble and swift while swimming.
You are surrounded by a mild repulsion field. (EV +2)
You are partially covered in molten scales. (AC +2)
Your muscles are strong. (Str +2)


Message History

The siren chants its luring song.
You block the merfolk impaler's attack.
The merfolk javelineer completely misses you.
The snapping turtle misses you.
The merfolk impaler hits you from afar with a demon trident of freezing.
* * * LOW HITPOINT WARNING * * *
The merfolk impaler freezes you.
* * * LOW HITPOINT WARNING * * *
You can feel time thicken for a moment.
You are starving!
Cheibriados lowers the support of your attributes as your movement quickens.
The siren chants its luring song.
The merfolk completely misses you.
The merfolk javelineer barely misses you.
The snapping turtle bites you from afar!!
* * * LOW HITPOINT WARNING * * *
The merfolk impaler hits you from afar with a demon trident of freezing.
* * * LOW HITPOINT WARNING * * *
The merfolk impaler freezes you.
You die...

##.≈≈≈≈≈≈≈≈≈≈≈≈........
##≈≈≈≈≈≈≈≈^≈≈≈........
##≈≈≈≈)≈≈≈≈≈≈.....#...≈
##≈≈≈≈≈≈:≈≈≈≈.........≈
#≈≈≈≈≈≈≈≈≈###.≈#.......
#≈≈≈≈≈≈≈≈#######.......
#≈≈≈≈≈≈##..##≈.###.....
≈##≈≈≈≈≈##...≈...##.#...
#≈≈≈≈≈≈@.##.#.#.###....≈
#≈≈≈≈m...##≈.).≈###.....
≈≈≈≈≈tmm≈##.#.#.##......
≈≈≈≈m..§##...≈...#†..≈.≈
≈≈≈≈≈..)(##.#≈#..#..≈≈≈.
≈≈≈≈≈≈≈≈).#######...≈≈≈.
≈≈≈≈≈≈≈≈≈≈#≈..##...≈≈≈≈≈
≈≈≈≈≈≈≈≈≈≈≈......≈≈≈≈≈≈≈
≈≈≈≈≈≈≈≈≈≈(≈≈≈≈≈≈≈≈≈≈≈≈≈


You could see a merfolk impaler, a merfolk javelineer, a snapping turtle, a
merfolk and a siren.

Vanquished Creatures
  Vashnia (Snake:3)
  Saint Roka (Orc:2)
  Rupert (D:14)
  Frances (Shoals:1)
  Roxanne (Snake:1)
  6 greater nagas (Snake:4)
  The ghost of HaroldButt the Unseen, an adept DECj of Vehumet (Shoals:1)
  2 frost giants
  Aizul (Snake:1)
  A stone giant (D:12)
  The ghost of crawlian the Devastator, a journeyman DEFE of Sif Muna (Snake:4)
  2 entropy weavers (Lair:6)
  Nessos (D:15)
  A minotaur (Lab)
  3 merfolk javelineers
  An ogre mage (D:15)
  4 merfolk impalers
  Erolcha (Orc:2)
  Harold (Lair:2)
  11 naga warriors
  A rakshasa (D:15)
  5 hydras
  6 merfolk aquamancers
  3 merfolk avatars
  A death knight (D:15)
  5 centaur warriors
  6 death yaks
  A queen ant (Lair:6)
  A deep troll earth mage (D:12)
  10 anacondas
  4 tengu warriors (D:15)
  8 shock serpents
  26 naga sharpshooters
  Urug (Lair:3)
  Nergalle (D:12)
  3 skeletal warriors (D:13)
  A fire crab (Lair:6)
  5 unseen horrors
  A giant orange brain (D:15)
  8 sea snakes
  The ghost of Aquadorian the Slicer, a novice OpBe of Trog (D:7)
  A wizard (D:15)
  15 naga ritualists
  2 hill giants
  4 orc knights
  16 harpies
  6 griffons
  3 fauns (Shoals:2)
  7 orc sorcerers (Orc:2)
  11 mana vipers
  17 ugly things
  3 manticores
  4 cyclopes
  A hornet (shapeshifter) (D:14)
  5 sirens
  A torpor snail (Lair:6)
  3 water nymphs
  3 centaur zombies
  6 guardian serpents
  9 salamanders
  41 black mambas
  15 naga magi
  25 spiny frogs
  3 gargoyles
  11 elephants
  6 rime drakes
  2 kobold demonologists
  6 komodo dragons
  An efreet (D:12)
  A tengu conjurer (D:15)
  10 trolls
  A queen bee (D:10)
  28 merfolk
  6 two-headed ogres
  15 polar bears (IceCv)
  5 giant leeches (Lair:6)
  Prince Ribbit (D:7)
  13 slime creatures
  3 wind drakes
  Grinder (D:3)
  18 blink frogs
  A shadow (D:12)
  7 snapping turtles
  A spriggan (D:9)
  2 wraiths
  16 humans (D:14)
  12 water elementals
  A wyvern (D:13)
  54 yaks
  6 basilisks
  10 hippogriffs
  13 vampire mosquitoes
  A hungry ghost (D:9)
  5 wargs
  A mottled dragon (D:14)
  48 nagas
  Edmund (D:5)
  6 swamp worms (Lair:4)
  14 water moccasins
  6 soldier ants
  A hell hound (shapeshifter) (D:15)
  Duvessa (D:7)
  4 phantoms
  3 sky beasts
  11 porcupines
  36 orc warriors
  3 eyes of draining
  An ice beast (D:10)
  3 necrophages
  12 centaurs
  24 wolves
  18 ogres
  12 crocodiles
  4 big kobolds
  35 giant frogs
  2 gnoll sergeants
  Dowan (D:7)
  3 scorpions
  A water moccasin skeleton (D:7)
  31 killer bees
  13 wights
  7 electric eels
  A giant frog zombie (D:9)
  A wasp zombie (D:9)
  5 crimson imps
  A quasit (D:14)
  5 jellies
  26 orc wizards
  7 hounds
  26 orc priests
  4 centaur skeletons
  4 iguanas
  Jessica (D:2)
  Natasha (D:2)
  15 worker ants
  2 hell rats (Lair:4)
  36 sheep
  A hound zombie (D:11)
  2 worker ant zombies (D:10)
  15 adders
  23 gnolls
  77 river rats
  5 shadow imps
  12 white imps (Orc:2)
  4 oozes
  An adder zombie (D:8)
  14 worms
  2 dart slugs
  4 giant geckos
  100 orcs
  A ball python (D:4)
  4 giant cockroaches
  13 goblins
  2 hobgoblins (D:1)
  31 kobolds
  3 quokkas
  5 bats
  6 giant newts
  2 quokka skeletons
  A quokka zombie (D:5)
  5 rats
  2 plants
1370 creatures vanquished.

Vanquished Creatures (others)
  A merfolk avatar (Shoals:1)
  A black mamba (Snake:1)
  A water elemental (Shoals:1)
  An orc warrior (D:9)
  A wyvern skeleton (D:12)
  A gnoll shaman (D:9)
  An iguana (D:9)
  A worker ant (D:9)
  An orc (Orc:2)
  7 fungi
  27 plants
43 creatures vanquished.

Grand Total: 1413 creatures vanquished

Notes
Turn   | Place    | Note
-------+----------+-------------------------------------------
     0 | D:1      | epen the Merfolk Monk began the quest for the Orb.
     0 | D:1      | Reached XP level 1. HP: 18/18 MP: 1/1
   230 | D:1      | Reached XP level 2. HP: 23/24 MP: 2/2
   849 | D:2      | Gained mutation: Your muscles are strong. (Str +2) [potion of mutation]
   849 | D:2      | Gained mutation: You are partially covered in molten scales. (AC +2) [potion of mutation]
   849 | D:2      | Gained mutation: You are surrounded by a mild repulsion field. (EV +2) [potion of mutation]
   852 | D:2      | Reached XP level 3. HP: 9/29 MP: 3/3
  1475 | D:2      | Found a shimmering altar of Xom.
  1502 | D:2      | Noticed Jessica
  1513 | D:2      | Killed Jessica
  1513 | D:2      | Reached XP level 4. HP: 18/37 MP: 4/4
  1889 | D:2      | Noticed Natasha
  1902 | D:2      | Killed Natasha
  1902 | D:2      | Reached skill level 5 in Unarmed Combat
  1906 | D:2      | Reached XP level 5. HP: 39/42 MP: 5/5
  2088 | D:3      | Noticed Grinder
  2146 | D:3      | Reached skill level 5 in Dodging
  2551 | D:2      | Noticed Natasha
  2998 | D:3      | Reached XP level 6. HP: 27/49 MP: 6/6
  3541 | D:3      | Paralysed by Grinder for 7 turns
  3557 | D:3      | Killed Grinder
  3557 | D:3      | Reached XP level 7. HP: 46/55 MP: 7/7
  3834 | D:4      | Reached skill level 5 in Fighting
  3971 | D:4      | Found Axtucwir's Food Shoppe.
  4456 | D:5      | Entered Level 5 of the Dungeon
  4469 | D:5      | Found Doestruab's Antique Weapon Shoppe.
  4694 | D:5      | Found a stormy altar of Qazlal.
  4703 | D:5      | Reached XP level 8. HP: 64/64 MP: 8/8
  5206 | D:5      | Noticed Edmund
  5224 | D:5      | Killed Edmund
  6380 | D:6      | Reached XP level 9. HP: 67/71 MP: 9/9
  6739 | D:7      | Noticed Prince Ribbit
  6770 | D:7      | Noticed Aquadorian's ghost (novice OpBe)
  6788 | D:7      | Killed Aquadorian's ghost
  6788 | D:7      | Reached skill level 10 in Unarmed Combat
  6802 | D:7      | Killed Prince Ribbit
  7327 | D:7      | Noticed Duvessa
  7327 | D:7      | Noticed Dowan
  7346 | D:7      | Killed Duvessa
  7349 | D:7      | Killed Dowan
  7382 | D:7      | Found a staircase to the Ecumenical Temple.
  7401 | Temple   | Entered the Ecumenical Temple
  7509 | Temple   | Became a worshipper of Cheibriados the Contemplative
  7509 | Temple   | Reached * piety under Cheibriados
  7509 | Temple   | Reached ** piety under Cheibriados
  7694 | D:8      | Found Maxaa's Distillery.
  8099 | D:8      | Reached XP level 10. HP: 11/80 MP: 10/10
  8580 | D:7      | Reached skill level 10 in Dodging
  8731 | D:8      | Reached *** piety under Cheibriados
  8905 | D:8      | Bought a potion of curing for 33 gold pieces
  8905 | D:8      | Bought a potion of curing for 33 gold pieces
  9344 | D:9      | Found a shimmering altar of Xom.
 10017 | D:9      | Reached **** piety under Cheibriados
 10017 | D:9      | Reached XP level 11. HP: 88/90 MP: 11/11
 10067 | D:9      | Found an opulent altar of Gozag.
 10081 | D:9      | Noticed a hill giant
 10098 | D:9      | Killed a hill giant
 10098 | D:9      | Reached skill level 10 in Fighting
 10213 | D:10     | Entered Level 10 of the Dungeon
 10386 | D:10     | Reached skill level 1 in Invocations
 10442 | D:10     | Reached ***** piety under Cheibriados
 10558 | D:10     | Found a staircase to the Orcish Mines.
 11077 | D:11     | Found a staircase to the Lair.
 11179 | D:11     | Reached skill level 5 in Invocations
 11382 | D:11     | Found a burning altar of Makhleb.
 11798 | Lair:1   | Entered Level 1 of the Lair of Beasts
 11800 | Lair:1   | Reached XP level 12. HP: 99/99 MP: 16/16
 11830 | Lair:1   | Reached skill level 1 in Spellcasting
 11879 | Lair:1   | Found a labyrinth entrance.
 11885 | Lab      | Entered a labyrinth
 13058 | Lab      | Noticed a minotaur
 13064 | Lab      | Killed a minotaur
 13100 | Lab      | Learned a level 6 spell: Hydra Form
 13328 | Lair:1   | Reached ****** piety under Cheibriados
 13368 | Lair:1   | Reached skill level 1 in Transmutations
 13994 | Lair:1   | Reached skill level 2 in Transmutations
 14118 | Lair:1   | Noticed an eight-headed hydra
 14129 | Lair:1   | Killed an eight-headed hydra
 14391 | Lair:2   | Reached skill level 3 in Transmutations
 14431 | Lair:2   | Found a staircase to the Snake Pit.
 14439 | Lair:2   | Noticed a six-headed hydra
 14449 | Lair:2   | Killed a six-headed hydra
 14852 | Lair:2   | Noticed Harold
 14863 | Lair:2   | Killed Harold
 14863 | Lair:2   | Reached skill level 4 in Transmutations
 15395 | Lair:3   | Reached skill level 5 in Transmutations
 15411 | Lair:3   | Noticed a five-headed hydra
 15420 | Lair:3   | Killed a five-headed hydra
 15420 | Lair:3   | Reached XP level 13. HP: 106/106 MP: 7/18
 15564 | Lair:3   | Found a staircase to the Shoals.
 15707 | Lair:3   | Noticed Urug
 15725 | Lair:3   | Killed Urug
 15779 | Lair:3   | Got a pair of bloodstained gloves
 15790 | Lair:3   | Identified the +0 pair of gloves of Disappointment {rF+} (You found it on level 3 of the Lair of Beasts)
 15829 | Lair:3   | Reached skill level 6 in Transmutations
 16815 | Lair:5   | Reached skill level 7 in Transmutations
 16905 | Lair:5   | Reached skill level 1 in Evocations
 17244 | Lair:5   | Reached skill level 15 in Unarmed Combat
 17526 | Lair:6   | Entered Level 6 of the Lair of Beasts
 17601 | Lair:6   | Reached skill level 8 in Transmutations
 17714 | Lair:6   | Reached XP level 14. HP: 114/114 MP: 21/21
 17864 | Lair:6   | Reached skill level 10 in Invocations
 17865 | Lair:6   | Reached skill level 9 in Transmutations
 17903 | Lair:6   | Reached skill level 5 in Spellcasting
 17953 | Lair:6   | Learned a level 5 spell: Blade Hands
 18030 | Lair:6   | Learned a level 3 spell: Regeneration
 18104 | Lair:6   | Found a staircase to the Slime Pits.
 18105 | Lair:6   | Found a viscous altar of Jiyva.
 18129 | Lair:6   | Found a bloodstained altar of Trog.
 18163 | Lair:6   | Reached skill level 1 in Necromancy
 18210 | Lair:6   | Noticed an entropy weaver
 18217 | Lair:6   | Killed an entropy weaver
 18220 | Lair:6   | Noticed an entropy weaver
 18227 | Lair:6   | Killed an entropy weaver
 18500 | Lair:6   | Reached skill level 10 in Transmutations
 19031 | Orc:1    | Entered Level 1 of the Orcish Mines
 19078 | Orc:2    | Entered Level 2 of the Orcish Mines
 19126 | Orc:2    | Found a roughly hewn altar of Beogh.
 19195 | Orc:2    | Found a roughly hewn altar of Beogh.
 19243 | Orc:2    | Noticed Saint Roka
 19268 | Orc:2    | Killed Saint Roka
 19268 | Orc:2    | Reached XP level 15. HP: 41/121 MP: 18/23
 19313 | Orc:2    | Found a staircase to the Elven Halls.
 19332 | Orc:2    | Found a frozen archway.
 19363 | IceCv    | Entered an ice cave
 19730 | IceCv    | Noticed a frost giant
 19824 | IceCv    | Killed a frost giant
 20291 | Orc:2    | Found Mock's Antique Armour Shop.
 20292 | Orc:2    | Found a roughly hewn altar of Beogh.
 20295 | Orc:2    | Found Doirauz's Antique Weapon Boutique.
 20300 | Orc:2    | Bought a ripped robe for 176 gold pieces
 20312 | Orc:2    | Identified the cursed +1 robe of the Cast Vote {Dex+2} (You bought it in a shop on level 2 of the Orcish Mines)
 20592 | Orc:2    | Found a roughly hewn altar of Beogh.
 20599 | Orc:2    | Found Vuiceel's Weapon Emporium.
 20682 | Orc:2    | Noticed Erolcha
 20685 | Orc:2    | Killed Erolcha
 20741 | Orc:2    | Found a roughly hewn altar of Beogh.
 20817 | Orc:2    | Found a roughly hewn altar of Beogh.
 20844 | Orc:2    | Found Usmitocw's Gadget Boutique.
 20856 | Orc:2    | Bought a box of beasts for 280 gold pieces
 21019 | Orc:1    | Found Teischu's Book Emporium.
 21040 | Orc:1    | Bought a book of Death for 910 gold pieces
 21066 | Orc:1    | Found a roughly hewn altar of Beogh.
 21573 | D:12     | Reached skill level 5 in Necromancy
 21816 | D:12     | Noticed Nergalle
 21822 | D:12     | Killed Nergalle
 21827 | D:12     | Reached skill level 5 in Evocations
 21892 | D:12     | Noticed a storm dragon
 22404 | Orc:1    | Bought a book of the Earth for 845 gold pieces
 22411 | Orc:1    | Learned a level 6 spell: Statue Form
 22625 | D:13     | Reached skill level 11 in Transmutations
 22747 | D:13     | Reached skill level 1 in Earth Magic
 22862 | D:13     | Reached XP level 16. HP: 112/129 MP: 20/25
 23075 | D:14     | Noticed Rupert
 23082 | D:14     | Killed Rupert
 23102 | D:14     | Found a gate to the Vaults.
 23624 | D:15     | Entered Level 15 of the Dungeon
 23651 | D:15     | Reached skill level 12 in Transmutations
 23693 | D:15     | Reached skill level 5 in Earth Magic
 24003 | D:15     | Reached skill level 1 in Shields
 24086 | D:15     | Noticed Nessos
 24099 | D:15     | Killed Nessos
 24214 | D:15     | Found a staircase to the Depths.
 24560 | Snake:1  | Entered Level 1 of the Snake Pit
 24564 | Snake:1  | Found Vuc Zeu's Distillery.
 24575 | Snake:1  | Bought a potion of heal wounds for 70 gold pieces
 24756 | Snake:1  | Reached XP level 17. HP: 59/135 MP: 20/29
 25007 | Snake:1  | Noticed Roxanne
 25084 | Snake:1  | Killed Roxanne
 25084 | Snake:1  | Reached skill level 13 in Transmutations
 25087 | Snake:1  | Identified Roxanne's Volume of the Rocks (You took it off Roxanne on level 1 of the Snake Pit)
 25333 | Snake:1  | Noticed Aizul
 25352 | Snake:1  | Killed Aizul
 25705 | Snake:2  | Reached skill level 5 in Shields
 25916 | Snake:2  | Found Feguoj's Jewellery Emporium.
 25917 | Snake:2  | Found Neusas's Gadget Shop.
 25918 | Snake:2  | Found Bic Efa's Jewellery Emporium.
 26911 | Snake:3  | Found a hazy altar of Hepliaklqana.
 26950 | Snake:3  | Noticed Vashnia
 27380 | Snake:3  | Reached skill level 14 in Transmutations
 27628 | Snake:3  | Killed Vashnia
 27847 | Snake:4  | Entered Level 4 of the Snake Pit
 27986 | Snake:4  | Reached XP level 18. HP: 142/142 MP: 20/31
 28134 | Snake:4  | Noticed crawlian's ghost (journeyman DEFE)
 28142 | Snake:4  | Killed crawlian's ghost
 28548 | Snake:4  | Reached skill level 10 in Earth Magic
 28552 | Snake:4  | Reached skill level 10 in Spellcasting
 28833 | Snake:4  | Reached skill level 15 in Transmutations
 28903 | Snake:4  | Got a serpentine rune of Zot
 29098 | Shoals:1 | Entered Level 1 of the Shoals
 29098 | Shoals:1 | Noticed Frances
 29107 | Shoals:1 | Killed Frances
 29238 | Shoals:1 | Noticed HaroldButt's ghost (adept DECj)
 29265 | Shoals:1 | Killed HaroldButt's ghost
 30282 | Shoals:2 | Reached XP level 19. HP: 133/148 MP: 33/33
 31751 | Shoals:4 | Entered Level 4 of the Shoals
 32146 | Shoals:4 | Reached skill level 16 in Transmutations
 32160 | Shoals:4 | HP: 7/148 [snapping turtle (21)]
 32160 | Shoals:4 | HP: 2/148 [merfolk impaler/demon trident of freezing (5)]
 32160 | Shoals:4 | Slain by a merfolk impaler

Vault maps used:
D:1:      wheals_arrival_linesprint
D:2:      old_standard_altar, minmay_misc_feat_roman,
          wad_floor_pattern_untrapped, uniq_natasha, uniq_jessica
D:3:      uniq_grinder
D:4:      first_bread, serial_shops, shop
D:5:      nicolae_qazlal_general_emergency, serial_shops, shop,
          minmay_ogre_servants, uniq_edmund
D:7:      serial_bayou_ford_a, uniq_prince_ribbit1, uniq_duvessa
D:8:      serial_shops, nicolae_shop_competitors_out_of_business
D:9:      kennysheep_little_box, grunt_pizzeria, minmay_fountain_box,
          xom_confusion_cloud
D:10:     orc_0_dummy
D:11:     minmay_lair_entry_grove, basic_altar, serial_column_ruins,
          column_ruins_corridor_straight, column_ruins_open_small,
          column_ruins_open_tiny, column_ruins_grid_1, column_ruins_grid_1,
          column_ruins_corridor_straight, minmay_misc_feat_rows
D:12:     minmay_expanding_circles, uniq_nergalle
D:14:     david_vaults_3, hangedman_decor_growths
D:15:     gammafunk_enter_depths_forms, serial_park_tiny_2, uniq_nessos
Temple:   dpeg_five_rooms_temple
Lair:1:   lab_entry_generic, serial_bayou_shore_a, grunt_megastairs_4
Lair:2:   minmay_snake_entry_guardpost_small, uniq_harold
Lair:3:   elwin_shoals_entry_rocks, grunt_megastairs_2,
          infiniplex_staircase_pool_2, uniq_urug
Lair:4:   kennysheep_rathole, st_stairs_5, worms_lemuel, lemuel_fruit_fields,
          lemuel_fruit_fields
Lair:6:   minmay_lair_end_frog_pond, slime_altar_1, basic_altar,
          nicolae_quartered_pool_super, wad_woods_antlair
Shoals:1: uniq_frances
Shoals:2: nicolae_shoals_isolated_beach
Shoals:4: shoals_end_grunt_ice, shoal_ilsuiw
Snake:1:  serial_shops, shop_statue, uniq_aizul, uniq_roxanne
Snake:2:  grunt_megastairs_3, minmay_shop_grove
Snake:3:  nrook_guardian_serpent_snake_passage, basic_altar, grunt_ministairs_7,
          uniq_vashnia
Snake:4:  johnstein_snake_rune_scales
Orc:1:    basic_altar, serial_shops, shop
Orc:2:    grunt_orc_community_town_hall, grunt_orc_community_big_house_2,
          grunt_orc_community_big_house_2, grunt_orc_community_house_2,
          grunt_orc_community_house_2, grunt_orc_community_house_3,
          grunt_orc_community_house_1, portal_ice_cave_entry_imps, uniq_erolcha
Lab:      labyrinth_spiral, nicolae_lab_arrow, nicolae_lab_flowing_pool,
          nicolae_lab_dead_end, nicolae_lab_garden
IceCv:    ice_cave_caverns_01

Skill      XL: |  1  2  3  4  5  6  7  8  9 10 11 12 13 14 15 16 17 18 19 |
---------------+----------------------------------------------------------+-----
Unarmed Combat | 4 5 6 7 9 11 12 13 14 15 | 15.7
Fighting       | 4 5 6 8 9 10 11 12 | 12.6
Dodging        | 5 6 8 9 11 12 13 14 | 14.6
Invocations    | 5 7 9 11 12 | 12.2
Spellcasting   | 3 4 5 6 8 9 10 11 | 11.1
Transmutations | 5 8 10 11 12 14 15 16 | 16.0
Evocations     | 2 3 5 |  5.2
Necromancy     | 3 5 |  5.4
Earth Magic    | 1 6 9 11 12 | 12.0
Shields        | 3 6 8 9 |  9.2
Stealth        | |  2.1

Action                   |  1- 3 |  4- 6 |  7- 9 | 10-12 | 13-15 | 16-18 | 19-21 || total
-------------------------+-------+-------+-------+-------+-------+-------+-------++-------
Melee: Unarmed           |    93 |   157 |   468 |   723 |  1142 |   840 |   249 ||  3672
       Punch             |     1 |       |    27 |   103 |   122 |    24 |       ||   277
       Tailslap          |       |       |     6 |     5 |    43 |    10 |    12 ||    76
 Cast: Blade Hands       |       |       |       |       |    52 |    18 |       ||    70
       Statue Form       |       |       |       |       |       |    57 |    13 ||    70
Invok: Bend Time         |       |       |     1 |       |       |       |       ||     1
       Slouch            |       |       |       |     6 |    14 |    23 |     9 ||    52
Evoke: Wand              |       |       |     1 |       |     1 |     1 |       ||     3
       Sack of spiders   |       |       |       |       |       |     4 |       ||     4
       Lamp of fire      |       |       |       |       |       |     1 |       ||     1
       Box of beasts     |       |       |       |       |       |     1 |       ||     1
  Use: Potion            |     3 |     1 |     1 |     4 |       |     2 |     1 ||    12
       Scroll            |       |       |    10 |    14 |     5 |     9 |     5 ||    43
 Stab: Sleeping          |     2 |     7 |     6 |    13 |    11 |     8 |     4 ||    51
       Distracted        |       |       |       |     2 |     3 |     9 |       ||    14
       Invisible         |       |       |       |     2 |       |       |       ||     2
  Eat: Chunk             |     2 |     6 |    22 |    19 |    21 |    14 |     5 ||    89
       Royal jelly       |       |       |     1 |       |     1 |       |       ||     2
       Meat ration       |       |       |       |       |     1 |     5 |       ||     6
       Beef jerky        |       |       |       |       |       |     1 |     1 ||     2
Armor: Robe              |    17 |    19 |    49 |    12 |    14 |     1 |       ||   112
       Skin              |     1 |       |       |       |       |   250 |    77 ||   328
       Troll leather arm |       |       |       |    48 |   136 |    36 |     7 ||   227
Dodge: Dodged            |    64 |    99 |   407 |   756 |  1490 |  1485 |   465 ||  4766
Block: Buckler           |       |       |       |       |       |   392 |   179 ||   571
